[Event "Djerba Festival Blitz 2025"]
[Site "Djerba"]
[Date "2025.02.21"]
[Round "5.33"]
[White "Dauvois, Theo"]
[Black "Chabbouh, Mohamed Rayen"]
[Result "1-0"]
[ECO "D07"]
[WhiteElo "1663"]
[BlackElo "1518"]
[PlyCount "63"]
[EventDate "2025.02.15"]
[EventType "swiss"]
[EventCountry "TUN"]
[TimeControl "180+3"]

1. d4 d5 2. c4 e6 3. Nc3 Bb4 4. Nf3 Nc6 5. Qc2 Nge7 6. Bd2 Bd7 7. a3 Ba5 8. b4 Nxb4 9. axb4 Bxb4 10. e3 O-O 11. Bd3 g6 12. O-O Nc6 13. cxd5 Bxc3 14. dxc6 Bxa1 15. cxd7 Bxd4 16. exd4 Qxd7 17. Bh6 Rfe8 18. Qe2 a5 19. Qe5 f5 20. Bc4 b5 21. Bxb5 Qe7 22. Bxe8 Rxe8 23. Qxa5 Kf7 24. Qe5 Kg8 25. Re1 c6 26. Ng5 c5 27. dxc5 Qd7 28. Nxe6 Re7 29. Qf6 Rf7 30. Qd8+ Qxd8 31. Nxd8 Rd7 32. Re8# 1-0

[Event "Djerba Festival Blitz 2025"]
[Site "Djerba"]
[Date "2025.02.21"]
[Round "5.34"]
[White "Gunduz, Davud"]
[Black "Hafsa, Yessine"]
[Result "1-0"]
[ECO "C47"]
[WhiteElo "1483"]
[BlackElo "1503"]
[PlyCount "99"]
[EventDate "2025.02.15"]
[EventType "swiss"]
[EventCountry "TUN"]
[TimeControl "180+3"]

1. e4 e5 2. Nf3 Nc6 3. d4 exd4 4. Nxd4 Nf6 5. Nc3 Bb4 6. Nxc6 bxc6 7. Bd3 d5 8. exd5 cxd5 9. Bd2 O-O 10. O-O Be6 11. Qf3 Bg4 12. Qg3 c6 13. a3 Ba5 14. b4 Bc7 15. Bf4 Nh5 16. Bxc7 Nxg3 17. Bxd8 Nxf1 18. Bg5 h6 19. Bc1 Rfe8 20. Kxf1 d4 21. Ne2 a5 22. bxa5 Rxa5 23. Nxd4 Rae5 24. Be3 c5 25. Nb3 Rc8 26. Nd2 Be6 27. Nf3 Rd5 28. Bc4 Rd6 29. Bxe6 Rxe6 30. a4 c4 31. a5 Ra8 32. Nd2 c3 33. Nb3 Re5 34. Bd4 Rd5 35. Bxc3 f5 36. a6 Kf7 37. a7 g5 38. Nc1 Rd1+ 39. Ke2 Rh1 40. h3 Ke6 41. Ba5 Rc8 42. Kd2 Rf1 43. Ke2 Rh1 44. c3 Ra8 45. Bb4 Kd5 46. Kd2 Kc4 47. Ra6 Kb5 48. Rxh6 Rxa7 49. Rh5 Rd7+ 50. Kc2 1-0

[Event "Djerba Festival Blitz 2025"]
[Site "Djerba"]
[Date "2025.02.21"]
[Round "5.36"]
[White "Chaouech, Oussama"]
[Black "Khider, Amilia"]
[Result "1-0"]
[ECO "D45"]
[WhiteElo "1651"]
[BlackElo "1524"]
[PlyCount "45"]
[EventDate "2025.02.15"]
[EventType "swiss"]
[EventCountry "TUN"]
[TimeControl "180+3"]

1. d4 d5 2. c4 e6 3. Nc3 Nf6 4. Nf3 c6 5. e3 Be7 6. Bd3 O-O 7. Qc2 b6 8. cxd5 cxd5 9. Ne5 Bb7 10. Bd2 Nc6 11. a3 Rc8 12. O-O Nxe5 13. dxe5 Nd7 14. Bxh7+ Kh8 15. f4 g6 16. Bxg6 fxg6 17. Qxg6 Qe8 18. Qxe6 Nc5 19. Qh6+ Kg8 20. Rf3 Kf7 21. e6+ Nxe6 22. f5 Ng5 23. Qg6# 1-0

[Event "Djerba Festival Blitz 2025"]
[Site "Djerba"]
[Date "2025.02.21"]
[Round "5.39"]
[White "Raymond, Andre"]
[Black "Boudnani, Brahim"]
[Result "0-1"]
[ECO "B07"]
[WhiteElo "1610"]
[BlackElo "1721"]
[PlyCount "50"]
[EventDate "2025.02.15"]
[EventType "swiss"]
[EventCountry "TUN"]
[TimeControl "180+3"]

1. e4 d6 2. d4 Nf6 3. Nc3 Nbd7 4. Nf3 c6 5. Bd3 Qc7 6. O-O e5 7. d5 c5 8. Ne2 Be7 9. c4 Nf8 10. h3 h6 11. Ng3 g5 12. Nf5 Bxf5 13. exf5 g4 14. hxg4 Nxg4 15. Nh2 Nf6 16. f4 Rg8 17. fxe5 dxe5 18. Bxh6 e4 19. Bf4 Qd7 20. Be2 O-O-O 21. d6 Qc6 22. Qb3 Bxd6 23. Bxd6 Rxd6 24. Rad1 e3 25. Rxd6 Qxg2# 0-1

[Event "Djerba Festival Blitz 2025"]
[Site "Djerba"]
[Date "2025.02.21"]
[Round "5.42"]
[White "Charfeddine, Khaled"]
[Black "Feurprier, Matteo"]
[Result "1-0"]
[ECO "D37"]
[WhiteElo "1908"]
[BlackElo "1537"]
[PlyCount "49"]
[EventDate "2025.02.15"]
[EventType "swiss"]
[EventCountry "TUN"]
[TimeControl "180+3"]

1. d4 d5 2. c4 e6 3. Nc3 Nf6 4. a3 Be7 5. Bf4 c6 6. e3 b6 7. Nf3 Nbd7 8. Bd3 O-O 9. O-O Bb7 10. cxd5 cxd5 11. Rc1 Rc8 12. Qe2 Ne4 13. Bxe4 dxe4 14. Nd2 Nf6 15. h3 Bd6 16. Bxd6 Qxd6 17. b4 Rc7 18. Nb5 Ba6 19. Nxd6 Bxe2 20. Rxc7 Bxf1 21. Kxf1 Rd8 22. Rc8 Rxc8 23. Nxc8 Nd5 24. Nxa7 Kf8 25. Nxe4 1-0

[Event "Djerba Festival Blitz 2025"]
[Site "Djerba"]
[Date "2025.02.21"]
[Round "5.43"]
[White "Ferahi, Tarik"]
[Black "Mathanchandaran, Dev"]
[Result "1-0"]
[ECO "C68"]
[WhiteElo "1612"]
[BlackElo "1650"]
[PlyCount "32"]
[EventDate "2025.02.15"]
[EventType "swiss"]
[EventCountry "TUN"]
[TimeControl "180+3"]

1. e4 e5 2. Nf3 Nc6 3. Bb5 a6 4. Bxc6 dxc6 5. O-O Bd6 6. d4 exd4 7. Qxd4 f6 8. Be3 Bd7 9. Nc3 Qe7 10. Rfe1 Nh6 11. Bxh6 gxh6 12. e5 Bc5 13. exf6 Bxd4 14. Re3 Kd8 15. Rxe7 Rf8 16. Nxd4 Be6 1-0

[Event "Djerba Festival Blitz 2025"]
[Site "Djerba"]
[Date "2025.02.21"]
[Round "5.45"]
[White "Guinet, Stephane"]
[Black "Doucet, Jean Gabriel"]
[Result "1-0"]
[ECO "C44"]
[WhiteElo "1617"]
[BlackElo "1506"]
[PlyCount "25"]
[EventDate "2025.02.15"]
[EventType "swiss"]
[EventCountry "TUN"]
[TimeControl "180+3"]

1. e4 e5 2. Nf3 Nc6 3. d4 exd4 4. Bc4 Bb4+ 5. c3 dxc3 6. O-O cxb2 7. Bxb2 d6 8. a3 Ba5 9. Bxg7 h6 10. Bxh8 f6 11. Qd5 Nge7 12. Qf7+ Kd7 13. Be6# {[%emt 0:00:03] Nb8} 1-0

[Event "Djerba Festival Blitz 2025"]
[Site "Djerba"]
[Date "2025.02.21"]
[Round "5.46"]
[White "McDonald, Margaret"]
[Black "Baba, Ayoub"]
[Result "0-1"]
[ECO "B23"]
[WhiteElo "1404"]
[BlackElo "1469"]
[PlyCount "53"]
[EventDate "2025.02.15"]
[EventType "swiss"]
[EventCountry "TUN"]
[TimeControl "180+3"]

1. e4 c5 2. Nc3 Nc6 3. f4 Nf6 4. Nf3 e6 5. Bc4 d5 6. exd5 exd5 7. Be2 d4 8. Nb1 Bd6 9. d3 O-O 10. O-O Qc7 11. Qd2 Nd5 12. Ne5 Nxe5 13. fxe5 Bxe5 14. c4 Ne3 15. Rf3 Bxh2+ 16. Kh1 Bg4 17. Rf2 Bg3 18. Bxg4 Nxg4 19. Rf3 Ne3 20. Qe2 Rfe8 21. Bxe3 Re6 22. Nd2 Rae8 23. Ne4 dxe3 24. Nxg3 Rh6+ 25. Kg1 Qe5 26. Re1 f6 27. Qxe3 0-1

[Event "Djerba Festival Blitz 2025"]
[Site "Djerba"]
[Date "2025.02.21"]
[Round "5.47"]
[White "Kammoun, Adam"]
[Black "Hinard, Jeremy"]
[Result "1-0"]
[ECO "E32"]
[WhiteElo "1571"]
[BlackElo "1609"]
[PlyCount "72"]
[EventDate "2025.02.15"]
[EventType "swiss"]
[EventCountry "TUN"]
[TimeControl "180+3"]

1. d4 Nf6 2. c4 e6 3. Nc3 Bb4 4. Qc2 O-O 5. Bg5 h6 6. Bh4 Be7 7. Nf3 d5 8. cxd5 exd5 9. e3 c6 10. Be2 Re8 11. O-O Nbd7 12. Rac1 Nf8 13. Qb3 Ng6 14. Bg3 Nh5 15. Nd2 Nxg3 16. fxg3 Bg5 17. Nd1 Qc7 18. Bf3 Be6 19. Qb4 Be7 20. Qa4 Bd7 21. e4 c5 22. Qb3 c4 23. Qc2 Qb6 24. exd5 Qxd4+ 25. Kh1 Bd6 26. Bh5 b5 27. Bxg6 fxg6 28. Qxg6 Qxd2 29. Qf7+ Kh8 30. Nc3 Rf8 31. Qxd7 Rxf1+ 32. Rxf1 Qd3 33. Kg1 Bc5+ 34. Rf2 Qb1+ 35. Nxb1 Bxf2+ 36. Kxf2 Re8 1-0

[Event "Djerba Festival Blitz 2025"]
[Site "Djerba"]
[Date "2025.02.21"]
[Round "5.48"]
[White "Doucet, Paul-Loup"]
[Black "Soudani, Hassan"]
[Result "0-1"]
[ECO "B30"]
[WhiteElo "1503"]
[BlackElo "1598"]
[PlyCount "134"]
[EventDate "2025.02.15"]
[EventType "swiss"]
[EventCountry "TUN"]
[TimeControl "180+3"]

1. e4 c5 2. Nf3 Nc6 3. Bc4 Nf6 4. Ng5 e6 5. e5 Nxe5 6. Be2 b5 7. O-O a6 8. f4 Nc6 9. c3 h6 10. Nf3 d5 11. Ne5 Bb7 12. d4 Ne4 13. Bh5 g6 14. Bg4 Bg7 15. Nd2 cxd4 16. Nxe4 dxe4 17. cxd4 Qxd4+ 18. Qxd4 Nxd4 19. Be3 Nc2 20. Bc5 Nxa1 21. Rxa1 Bxe5 22. fxe5 O-O-O 23. Ba7 Bc6 24. Rc1 Kb7 25. Bc5 Rd2 26. Rf1 Rh7 27. a4 Rxb2 28. a5 Rd2 29. Bb4 e3 30. Bxd2 exd2 31. Rf4 Bd7 32. Bf3+ Bc6 33. Bd1 Kc7 34. Rd4 Rh8 35. Rf4 Rh7 36. Kf2 g5 37. Rd4 Rh8 38. Rxd2 Rd8 39. Rxd8 Kxd8 40. Bh5 Ke7 41. Ke3 Bxg2 42. Kd4 f6 43. exf6+ Kxf6 44. Kc5 Kf5 45. Kb6 b4 46. Kxa6 b3 47. Be2 Be4 48. Bc4 b2 49. Ba2 b1=Q 50. Bxb1 Bxb1 51. Kb7 Be4+ 52. Kc7 h5 53. a6 h4 54. a7 g4 55. Kb6 g3 56. hxg3 hxg3 57. Kc5 g2 58. Kd4 g1=Q+ 59. Kc3 Ke5 60. Kb4 Kd6 61. Ka5 Kc7 62. Ka6 Qb1 63. a8=N+ Bxa8 64. Ka5 Kc6 65. Ka4 Kc5 66. Ka3 Kc4 67. Ka4 Qb4# 0-1